 Dungeon Crawl Stone Soup version 0.31-a0-851-g7ff8af7976 (webtiles) character file.

Game seed: 1674934779793392648

2386 BinkBink the Cleaver (level 9, -5/76 (82) HPs)
             Began as a Hill Orc Fighter on Oct 6, 2023.
             Was an Initiate of the Shining One.
             Slain by a wight
             ... wielding a +3 great sword
              (11 damage)
             ... on level 6 of the Dungeon.
             The game lasted 00:09:11 (5977 turns).

BinkBink the Cleaver (Hill Orc Fighter)             Turns: 5977, Time: 00:09:12

HP:   -5/76 (82)    AC:  9    Str: 23    XL:     9   Next: 46%
MP:   9/9           EV: 14    Int:  8    God:    the Shining One [......]
Gold: 326           SH: 11    Dex: 15    Spells: 8/8 levels left

rFire   . . .        a - +0 war axe
rCold   . . .        p - +1 kite shield of Anarchy {Rampage rCorr Dex+5}
rNeg    . . .        b - +0 scale mail
rPois   .            v - +0 helmet
rElec   .            w - scarf {repulsion}
rCorr   +            (no gloves)
SInv    .            (no boots)
Will    .....        (no amulet) Stlth
                     q - +5 ring of evasion
HPRegen 0.32/turn    (no ring)
MPRegen 0.11/turn

%: repel missiles, rampage
@: glowing, drained
A: no striking features
a: Renounce Religion


You were on level 6 of the Dungeon.
You worshipped the Shining One.
The Shining One was noncommittal.
You visited 2 branches of the dungeon, and saw 8 of its levels.
You also visited: Sewer.

You collected 326 gold pieces.

Inventory:

Hand Weapons
 a - a +0 war axe (weapon)
 D - a +4 orcbow
Missiles
 x - 2 throwing nets
Armour
 b - a +0 scale mail (worn)
 f - a scarf of resistance
 l - a +0 cloak of stealth
 p - the +1 kite shield of Anarchy (worn) {Rampage rCorr Dex+5}
   (You found it on level 2 of the Dungeon)

   Dex+5:     It affects your dexterity (+5).
   rCorr:     It protects you from acid and corrosion.
   Rampage:   It bestows one free step when moving towards enemies.
 v - a +0 helmet (worn)
 w - a scarf of repulsion (worn)
 G - a +0 plate armour
Jewellery
 q - a +5 ring of evasion (left hand)
 B - a ring of wizardry
Talismans
 E - a beast talisman
Wands
 u - a wand of flame (27)
 y - a wand of mindburst (15)
Scrolls
 h - a scroll of revelation
 j - 5 scrolls of identify
 o - 5 scrolls of teleportation
 r - a scroll of poison
 t - 3 scrolls of fog
 A - a scroll of acquirement {unknown}
 C - a scroll of enchant armour {unknown}
Potions
 c - a potion of lignification {unknown}
 d - 2 potions of might
 e - 7 potions of curing
 g - a potion of ambrosia {unknown}
 i - a potion of invisibility {unknown}
 k - 2 potions of haste {unknown}
 m - a potion of heal wounds
 z - 3 potions of enlightenment
 F - 4 potions of mutation {unknown}


   Skills:
 + Level 8.3 Fighting
 + Level 8.5 Axes
 + Level 7.5 Armour
 + Level 7.6 Shields


You had 8 spell levels left.
You didn't know any spells.
Your spell library contained the following spells:

 Spells                   Type           Power      Damage    Failure   Level
 Magic Dart               Conj           0%         1d3       88%         1
 Summon Small Mammal      Summ           0%         N/A       88%         1
 Call Imp                 Summ           0%         N/A       96%         2
 Ensorcelled Hibernation  Hex/Ice        0%         N/A       96%         2
 Jinxbite                 Hex            0%         N/A       96%         2
 Sublimation of Blood     Necr           0%         N/A       96%         2
 Wereblood                Tmut           0%         N/A       96%         2
 Call Canine Familiar     Summ           0%         N/A       99%         3
 Dazzling Flash           Conj/Hex       0%         N/A       99%         3
 Mephitic Cloud           Conj/Pois/Air  0%         N/A       99%         3
 Ozocubu's Armour         Ice            0%         N/A       99%         3
 Summon Guardian Golem    Hex/Summ       0%         N/A       99%         3
 Volatile Blastmotes      Fire/Tloc      0%         2d10      99%         3
 Anguish                  Hex/Necr       0%         N/A       100%        4
 Agony                    Necr           0%         N/A       100%        5
 Metabolic Englaciation   Hex/Ice        0%         N/A       100%        5
 Silence                  Hex/Air        0%         N/A       100%        5
 Simulacrum               Ice/Necr       0%         N/A       100%        6
 Starburst                Conj/Fire      0%         6d3       100%        6
 Summon Hydra             Summ           0%         N/A       100%        7
 Maxwell's Capacitive Co  Air            0%         ∞         100%        8


Dungeon Overview and Level Annotations

Branches:
Dungeon (7/15)             Temple (1/1) D:7           Sewer (visited)

Altars:
Ashenzari
Cheibriados
Dithmenos
Elyvilon
Fedhas
Gozag
Hepliaklqana
Kikubaaqudgha
Makhleb
Nemelex Xobeh
Okawaru
Ru
Sif Muna
Uskayaw
Vehumet
Wu Jian
Xom
Yredelemnul
The Shining One


Message History

There is a stone staircase leading up here.
You slash the wight!
The wight is heavily damaged.
A wight comes into view. It is wielding a +3 great sword.
The wight barely misses you.
You hit the wight but do no damage.
The wight is heavily damaged.
The wight closely misses you.
You hit the wight but do no damage.
The wight is heavily damaged.
The wight barely misses you.
You hit the wight.
The wight is severely damaged.
The wight hits you with a +4 long sword.
You feel drained.
You barely miss the wight.
The wight is severely damaged.
The wight barely misses you.
You barely miss the wight.
The wight is severely damaged.
You block the wight's attack. x2
You slash the wight!
You destroy the wight!
The Shining One accepts your kill.
You hit the wight but do no damage.
The wight hits you with a +3 great sword!
You feel drained.
* * * LOW HITPOINT WARNING * * *
You slash the wight!
The wight is heavily damaged.
The wight hits you with a +3 great sword!
* * * LOW HITPOINT WARNING * * *
You feel drained.
* * * LOW HITPOINT WARNING * * *
A wight comes into view. It is wielding a +3 flail.
As you read the scroll of summoning, it crumbles to dust.
Wisps of shadow whirl around you... You block the wight's attack.
The wight attacks as it pursues you!
The wight hits you with a +3 great sword!
You die...

.............# #........[...
.............########..z......###
.......###'###..#....o........#..
.......#........#.............'..
.......#........#.............#..
.###'###........#..o..........#..
......#....####h#h.o..........#..
#.....##'###....)z..o.........#..
##....#.........@.............###
##.####............s.............
.#.......................#'###...
.#.......................#...#...
.'.......................#...#...
.#..........#####........'...#...
.#..........# #........#...#...
##))...###### #........#...#...
##)##'## #........#...#...


You could see 2 wights, a friendly scorpion (summoned), 2 friendly hounds, a
friendly orc wizard (summoned) and 3 friendly orcs.

Vanquished Creatures
  Sigmund (D:2)
  A water moccasin (D:7)
  An ogre (D:6)
  3 orc warriors (D:5)
  4 centaurs
  2 phantoms
  2 gnoll sergeants
  A kobold brigand (Sewer)
  Blork the orc (D:4)
  4 scorpions
  2 wights
  3 killer bees (D:7)
  A hound (D:6)
  An orc priest (D:6)
  A jelly (D:6)
  A sleepcap (D:5)
  2 iguanas (D:6)
  2 orc wizards
  Terence (D:2)
  Robin (D:3)
  5 river rats (Sewer)
  4 adders
  9 gnolls
  A shadow imp (D:7)
  4 white imps
  2 worms (D:2)
  15 orcs
  8 endoplasms
  5 giant cockroaches
  11 hobgoblins
  4 jackals
  2 quokkas
  6 ball pythons
  3 bats
  3 frilled lizards
  18 goblins
  7 kobolds
  9 rats
151 creatures vanquished.

Notes
Turn   | Place    | Note
-------+----------+-------------------------------------------
     0 | D:1      | BinkBink the Hill Orc Fighter began the quest for the Orb.
     0 | D:1      | Reached XP level 1. HP: 19/19 MP: 1/1
   156 | D:1      | Reached XP level 2. HP: 27/27 MP: 2/2
   582 | D:1      | Reached XP level 3. HP: 33/33 MP: 3/3
   680 | D:2      | Noticed Terence
   688 | D:2      | Killed Terence
   853 | D:2      | Reached XP level 4. HP: 40/40 MP: 4/4
   909 | D:2      | Noticed Sigmund
   924 | D:2      | Killed Sigmund
   925 | D:2      | Reached skill level 5 in Fighting
   925 | D:2      | Reached XP level 5. HP: 31/48 MP: 5/5
   925 | D:2      | Reached XP level 6. HP: 36/56 MP: 6/6
  1269 | D:2      | Identified the +1 kite shield of Anarchy {Rampage rCorr
                  | Dex+5}
  1552 | D:3      | Noticed Robin
  1696 | D:3      | Found an iron altar of Okawaru.
  1786 | D:3      | Killed Robin
  1899 | D:3      | Found a blossoming altar of Fedhas.
  2307 | D:3      | Found a shimmering blue altar of Sif Muna.
  2310 | D:3      | Found a snail-covered altar of Cheibriados.
  2459 | D:4      | Reached skill level 5 in Axes
  2459 | D:4      | Reached skill level 5 in Shields
  2563 | D:4      | Noticed Blork the orc
  2568 | D:4      | Killed Blork the orc
  2569 | D:4      | Reached skill level 5 in Armour
  2569 | D:4      | Reached XP level 7. HP: 50/61 MP: 7/7
  3135 | D:5      | Entered Level 5 of the Dungeon
  3275 | D:5      | Found a glowing drain.
  3346 | Sewer    | Entered a sewer
  3504 | Sewer    | Found a white marble altar of Elyvilon.
  3610 | D:5      | Reached XP level 8. HP: 65/71 MP: 8/8
  4952 | D:6      | Reached XP level 9. HP: 74/79 MP: 9/9
  5617 | D:7      | Found a staircase to the Ecumenical Temple.
  5625 | Temple   | Entered the Ecumenical Temple
  5638 | Temple   | Became a worshipper of the Shining One
  5977 | D:6      | Slain by a wight

Illustrated notes

Levels and vault maps discovered:
D:1:      amcnicky_arrival_double_pillar, layout_rooms, minmay_misc_feat_iff,
          minmay_misc_feat_more_columns
D:2:      layout_basic, uniq_terence, uniq_sigmund
D:3:      layout_basic, nicolae_overflow_hidden_temple, uniq_robin
D:4:      layout_basic, uniq_blork_the_orc
D:5:      layout_basic, cheibrodos_sewer_entry_drain, minmay_small_thing
D:6:      layout_gridville, minmay_quadrilaterals
D:7:      corexii_shack_village, layout_basic, temple_green, serial_shops,
          shop_fountains, minivault_23
Temple:   bh_familiar_temple

Skill      XL: |  1  2  3  4  5  6  7  8  9 |
---------------+----------------------------+-----
Axes           | 3 4 5 6 7 8 |  8.5
Fighting       | 4 5 6 7 8 |  8.3
Armour         | 4 5 6 7 |  7.5
Shields        | 4 5 7 |  7.6

Action                     |  1- 3 |  4- 6 |  7- 9 || total
---------------------------+-------+-------+-------++-------
  Melee: War axe           |    66 |   137 |   313 ||   516
    Use: Scroll            |       |       |     9 ||     9
         Potion            |       |       |     3 ||     3
 Armour: Scale mail        |    34 |    88 |   152 ||   274
  Dodge: Dodged            |    28 |    70 |   191 ||   289
         Repelled          |       |       |     3 ||     3
  Block: Buckler           |    22 |     3 |       ||    25
         Kite shield       |       |    47 |   183 ||   230

Table legend: (Time is in decaauts)
 A = Elapsed time spent in this place.
 B = Non-inter-level travel time spent in this place.
 C = Inter-level travel time spent in this place.
 D = Time resting spent in this place.
 E = Time spent auto-exploring this place.
 F = Levels seen in this place.
 G = Mean time per level.
                   A        B        C        D        E       F      G
               +--------+--------+--------+--------+--------+-----+--------+
         Total |   6160 |   5783 |    377 |    314 |   4214 |   9 |  684.4 |
       Dungeon |   5888 |   5534 |    354 |    314 |   4091 |   7 |  841.1 |
        Temple |     25 |      2 |     23 |      0 |      0 |   1 |   25.0 |
         Sewer |    246 |    246 |      0 |      0 |    123 |   1 |  246.0 |
               +--------+--------+--------+--------+--------+-----+--------+

Top non-repeatable levels by time:
     D:6: 1258 daAuts
     D:3: 1072 daAuts
     D:5: 1033 daAuts
     D:2: 788 daAuts
     D:4: 701 daAuts
     D:1: 651 daAuts
     D:7: 381 daAuts
   Sewer: 246 daAuts
  Temple: 25 daAuts
